 Dungeon Crawl Stone Soup version 0.27.1-34-g3ba077fa99 (webtiles) character file.

Game seed: 14641284628326544823

33 Delamore the Sneak (level 3, -10/14 HPs)
             Began as a Felid Venom Mage on Jan 21, 2022.
             Was a Believer of Fedhas.
             Killed from afar by Ijyb (13 damage)
             ... with a bolt of acid
             ... on level 3 of the Dungeon.
             The game lasted 00:03:35 (3676 turns).

Delamore the Sneak (Felid Venom Mage)               Turns: 3676, Time: 00:03:35

Health: -10/14     AC:  1    Str:  4    XL:     3   Next: 12%
Magic:  1/7        EV: 18    Int: 16    God:    Fedhas [**....]
Gold:   87         SH:  0    Dex: 17    Spells: 5/6 levels left
                                        Lives:  0   Deaths: 1

rFire    . . .     SeeInvis +   (weapon unavailable)
rCold    . . .     Faith    .   (shield unavailable)
rNeg     . . .     Spirit   .   (armour unavailable)
rPois    .         Reflect  .   (helmet unavailable)
rElec    .         Harm     .   (cloak unavailable)
rCorr    .         Rampage  .   (gloves unavailable)
Will     .....                  (boots unavailable)
Stlth    +++.......             (no amulet)
HPRegen  0.04/turn              (no ring)
MPRegen  0.10/turn              (no ring)

@: lethally poisoned (-10 -> -26), very slightly contaminated, quick
A: very small, claws 1, fangs 3, see invisible, speed 1, shaggy fur 1, stealthy
paws, no weapons or thrown items, no armour, multi-lived
a: Renounce Religion, Wall of Briars


You were on level 3 of the Dungeon.
You worshipped Fedhas.
Fedhas was pleased with you.
You visited 1 branch of the dungeon, and saw 3 of its levels.

You collected 87 gold pieces.

Inventory:

Potions
 a - a potion of curing {unknown}
 b - 3 potions of haste {unknown}
 d - 3 potions of berserk rage {unknown}
 e - a potion of degeneration {unknown}
 g - a potion of flight {unknown}


   Skills:
 + Level 3.7 Dodging
 * Level 4.9 Stealth
 - Level 2.0 Spellcasting
 - Level 1.1 Transmutations
 + Level 3.2 Poison Magic


You had 5 spell levels left.
You knew the following spells:

 Your Spells              Type           Power      Damage    Failure   Level
a - Sting                 Tmut/Pois      32%        1d4       9%          1

Your spell library contained the following spells:

 Spells                   Type           Power      Damage    Failure   Level
 Poisonous Vapours        Pois/Air       12%        N/A       16%         2
 Mephitic Cloud           Conj/Pois/Air  5%         N/A       38%         3
 Olgreb's Toxic Radiance  Pois           11%        N/A       50%         4


Dungeon Overview and Level Annotations

Branches:
Dungeon (3/15)

Altars:
Fedhas

Annotations:
D:3 Ijyb


Innate Abilities, Weirdness & Mutations

You have sharp claws.
You have razor-sharp teeth.
You have supernaturally acute eyesight. (SInv)
You cover ground quickly. (Speed+)
You are covered in fur. (AC +1)
Your paws help you pounce on unaware monsters.
You are incapable of wielding weapons or throwing items.
You cannot wear armour.
You gain extra lives every three experience levels.


Message History

Ijyb is moderately wounded.
Casting: Sting (safe; 9% risk of failure)
Confirm with . or Enter, or press ? or * to list all spells.
Aiming: Sting (safe; 9% risk of failure)
Press: ? - help, Shift-Dir - straight line, f/p - Ijyb
Aim: Ijyb, wielding a +2 dagger of venom, wearing a +0 ring mail and carrying a wand of acid (6) (moderately wounded, unusually resistant, poisoned, 64% to hit)
The sting hits Ijyb.
Ijyb partially resists.
Ijyb is moderately wounded.
Ijyb closely misses you.
Casting: Sting (safe; 9% risk of failure)
Confirm with . or Enter, or press ? or * to list all spells.
Aiming: Sting (safe; 9% risk of failure)
Press: ? - help, Shift-Dir - straight line, f/p - Ijyb
Aim: Ijyb, wielding a +2 dagger of venom, wearing a +0 ring mail and carrying a wand of acid (6) (moderately wounded, unusually resistant, poisoned, 64% to hit)
You miscast Sting.
You are very lightly contaminated with residual magic.
Nothing appears to happen.
Ijyb is no longer unusually resistant.
Ijyb completely misses you.
Casting: Sting (safe; 9% risk of failure)
Confirm with . or Enter, or press ? or * to list all spells.
Aiming: Sting (safe; 9% risk of failure)
Press: ? - help, Shift-Dir - straight line, f/p - Ijyb
Aim: Ijyb, wielding a +2 dagger of venom, wearing a +0 ring mail and carrying a wand of acid (6) (moderately wounded, poisoned, 64% to hit)
The sting misses Ijyb.
Ijyb screams, "I cut your head off!"
Ijyb hits you with a +2 dagger of venom.
You are lethally poisoned!
Casting: Sting (safe; 9% risk of failure)
Confirm with . or Enter, or press ? or * to list all spells.
Aiming: Sting (safe; 9% risk of failure)
Press: ? - help, Shift-Dir - straight line, f/p - Ijyb
Aim: Ijyb, wielding a +2 dagger of venom, wearing a +0 ring mail and carrying a wand of acid (6) (heavily wounded, poisoned, 64% to hit)
The sting hits Ijyb.
Ijyb looks even sicker.
Ijyb is heavily wounded.
* * * LOW HITPOINT WARNING * * *
You feel very sick.
Ijyb zaps a wand.
The bolt of acid hits you!
Ouch! That really hurt!
You die...
Fedhas appreciates your contribution to the ecosystem.

.# ########### .# #
#.........# #.###. # ###
#.#######.# ..... #. ..
#.# #.# ...# #..#. #.#
#.# ...##.#
...#...#######.#######.#
.......
......g@^......##....>.#
...#
...##.###########.######
....# # ###.# #


You could see Ijyb (very poisoned).

Vanquished Creatures
  Robin (D:2)
  2 adders (D:2)
  A dart slug (D:1)
  A bat (D:1)
  An endoplasm (D:2)
  2 giant cockroaches (D:1)
  8 goblins
  10 hobgoblins
  3 quokkas (D:2)
  5 ball pythons
  4 frilled lizards
  5 kobolds
  2 rats
45 creatures vanquished.

Notes
Turn   | Place    | Note
-------+----------+-------------------------------------------
     0 | D:1      | Delamore the Felid Venom Mage began the quest for the Orb.
     0 | D:1      | Reached XP level 1. HP: 7/7 MP: 4/4
   336 | D:1      | Reached skill level 3 in Stealth
   601 | D:1      | Reached XP level 2. HP: 5/11 MP: 4/6
  1150 | D:1      | Found a faded altar of an unknown god.
  1207 | D:1      | Became a worshipper of Fedhas Madash
  1207 | D:1      | Reached * piety under Fedhas
  1739 | D:2      | Noticed Robin
  1740 | D:2      | Reached skill level 4 in Stealth
  1743 | D:2      | Reached XP level 3. HP: 7/14 MP: 0/7
  1800 | D:2      | Killed Robin
  3139 | D:2      | Reached ** piety under Fedhas
  3147 | D:2      | Reached XP level 4. HP: 10/18 MP: 1/8
  3640 | D:3      | Noticed Ijyb
  3645 | D:3      | Splashed by Ijyb's acid
  3646 | D:3      | Reached XP level 3. HP: -9/14 MP: 6/7
  3676 | D:3      | Killed from afar by Ijyb

Illustrated notes

Levels and vault maps discovered:
D:1:      dpeg_arrival_tiny_a, layout_basic, serial_glass, glass_columns_a,
          glass_columns_b, glass_columns_a, glass_columns_a, glass_columns_c,
          glass_columns_a, hellmonk_ecumenical_altar_leap_of_faith
D:2:      minmay_kobold_bridge, layout_basic, uniq_robin
D:3:      layout_loops_ring, mainiacjoe_overflow_paths,
          mainiacjoe_overflow_six_doors_small, uniq_terence,
          uniq_crazy_yiuf_cottage, uniq_ijyb

Skill      XL: |  1  2 |
---------------+-------+-----
Stealth        | 3 4 |  4.9
Dodging        | 3 |  3.7
Poison Magic   | 3 |  3.2
Spellcasting   | |  2.0
Transmutations | |  1.1

Action                   |  1- 3 |  4- 6 || total
-------------------------+-------+-------++-------
Melee: Unarmed           |    82 |     7 ||    89
       Bite              |    10 |       ||    10
 Cast: Sting             |    40 |     2 ||    42
  Use: Scroll            |       |     2 ||     2
 Stab: Sleeping          |     8 |     1 ||     9
Armor: Skin              |     6 |       ||     6
Dodge: Dodged            |    76 |     2 ||    78
